 Dungeon Crawl Stone Soup version 0.24.0-41-g2ae2f7f1be (webtiles) character file.

Game seed: 7583177544596186654, levelgen mode: deterministic

119 Curus the Slasher (level 4, 0/39 HPs)
             Began as a Minotaur Monk on Dec 10, 2019.
             Killed from afar by an orc wizard (7 damage)
             ... with a magic dart
             ... on level 3 of the Dungeon.
             The game lasted 00:07:32 (1543 turns).

Curus the Slasher (Minotaur Monk)                   Turns: 1543, Time: 00:07:32

Health: 0/39       AC:  3    Str: 16    XL:     4   Next: 73%
Magic:  3/3        EV: 13    Int:  7    God:
Gold:   80         SH:  0    Dex: 13    Spells: 3/3 levels left

rFire    . . .     SeeInvis .   a - +0 falchion
rCold    . . .     Gourm    .   (no shield)
rNeg     . . .     Faith    .   g - +0 leather armour
rPois    .         Spirit   .   (helmet restricted)
rElec    .         Reflect  .   (no cloak)
rCorr    .         Harm     .   (no gloves)
MR       .....                  (no boots)
Stlth    ++........             (no amulet)
HPRegen  0.13/turn              (no ring)
MPRegen  0.08/turn              (no ring)

@: no status effects
A: retaliatory headbutt, horns 2
a: no special abilities


You were on level 3 of the Dungeon.
You were not hungry.

You visited 1 branch of the dungeon, and saw 3 of its levels.

You collected 80 gold pieces.

Inventory:

Hand Weapons
 a - a +0 falchion (weapon)
Armour
 b - a +0 robe
 g - a +0 leather armour (worn)
Jewellery
 f - an uncursed ring of ice
Scrolls
 d - a scroll of remove curse
Potions
 e - 2 potions of curing
Comestibles
 c - 4 rations
 h - 2 chunks of flesh


   Skills:
 - Level 3.6 Fighting
 + Level 6.7 Long Blades
 - Level 3.2 Dodging
 - Level 1.5 Stealth


You had 3 spell levels left.
You didn't know any spells.
Your spell library was empty.

Dungeon Overview and Level Annotations

Branches:
Dungeon (3/15)

Altars:


Innate Abilities, Weirdness & Mutations

You reflexively headbutt those who attack you in melee.
You have a pair of horns on your head.


Message History

The orc barely misses you.
You riposte.
You hit the orc.
The orc is lightly wounded.
You closely miss the orc. You headbutt the orc.
The orc is severely wounded.
The orc misses you.
You hit the orc but do no damage.
The orc is severely wounded.
You slash the orc!
You kill the orc!
You hit the orc.
The orc is moderately wounded.
You hit the orc wizard. You headbutt the orc wizard.
The orc wizard is moderately wounded.
The orc wizard hits you with a +0 dagger.
* * * LOW HITPOINT WARNING * * *
You hit the orc wizard.
The orc wizard is severely wounded.
The orc wizard points at you and mumbles some strange words.
The magic dart hits you!
You die...

## # # #. .# ###.
#.###.#
.....#.....#
#...o...# ##
#o##.# #.###@#.#
#.#..#.# ..
#.#.#.# ...
#.....# #.#
###.### #.# #.#
###.# #.#
#...###### #)#
..##...##...####.#


You could see an orc wizard and an orc.

Vanquished Creatures
  4 adders (D:2)
  An ooze (D:1)
  2 worms (D:2)
  2 dart slugs
  4 leopard geckos
  4 orcs (D:3)
  5 goblins
  7 hobgoblins
  7 jackals (D:1)
  A quokka (D:2)
  2 ball pythons
  5 bats
  4 frilled lizards (D:2)
  9 kobolds
  3 rats (D:1)
60 creatures vanquished.

Notes
Turn   | Place    | Note
-------+----------+-------------------------------------------
     0 | D:1      | Curus the Minotaur Monk began the quest for the Orb.
     0 | D:1      | Reached XP level 1. HP: 19/19 MP: 0/0
    47 | D:1      | Reached skill level 4 in Long Blades
    60 | D:1      | Reached XP level 2. HP: 3/26 MP: 1/1
   162 | D:1      | Reached skill level 5 in Long Blades
   455 | D:1      | Reached XP level 3. HP: 31/31 MP: 2/2
  1044 | D:2      | Reached skill level 6 in Long Blades
  1044 | D:2      | Reached XP level 4. HP: 28/39 MP: 3/3
  1088 | D:2      | Found a faded altar of an unknown god.
  1543 | D:3      | Killed from afar by an orc wizard

Levels and vault maps discovered:
D:1:      dpeg_arrival_concentric_ovals, layout_basic, st_stairs_4
D:2:      layout_basic, chequers_ecumenical_altar_simple_redux, first_ration
D:3:      layout_loops_cross, minmay_strange_pillars, st_stairs_8,
          minmay_diced_spiral

Skill      XL: |  1  2  3 |
---------------+----------+-----
Long Blades    | 4 5 6 |  6.7
Fighting       | |  3.6
Dodging        | |  3.2
Stealth        | |  1.5

Action                   |  1- 3 |  4- 6 || total
-------------------------+-------+-------++-------
Melee: Falchion          |    93 |    42 ||   135
       Headbutt          |    11 |    11 ||    22
  Use: Potion            |     4 |     1 ||     5
       Scroll            |     3 |       ||     3
 Stab: Sleeping          |     6 |     2 ||     8
       Distracted        |       |     1 ||     1
  Eat: Chunk             |       |     2 ||     2
Armor: Robe              |     8 |       ||     8
       Leather armour    |    15 |     1 ||    16
Dodge: Dodged            |    60 |    29 ||    89
       Rpst.: Falchion   |    21 |     6 ||    27
